 Dungeon Crawl Stone Soup version 0.28.0-43-g3370ac3207 (webtiles) character file.

Game seed: 17953418971678249147

123 Kaiern the Shooter (level 4, -1/40 HPs)
             Began as a Minotaur Hunter on Mar 21, 2022.
             Slain by Natasha (8 damage)
             ... on level 1 of the Dungeon.
             The game lasted 00:04:47 (2126 turns).

Kaiern the Shooter (Minotaur Hunter)                Turns: 2126, Time: 00:04:47

Health: -1/40      AC:  5    Str: 19    XL:     4   Next: 79%
Magic:  3/3        EV: 11    Int:  8    God:
Gold:   47         SH:  0    Dex: 10    Spells: 3/3 levels left

rFire   . . .      SeeInvis .   b - +0 short sword
rCold   . . .      Faith    .   (no shield)
rNeg    . . .      Spirit   .   h - +0 ring mail
rPois   +          Reflect  .   (helmet restricted)
rElec   .          Harm     .   i - scarf {+Inv}
rCorr   .          Rampage  .   (no gloves)
Will    .....                   (no boots)
Stlth   +.........              (no amulet)
HPRegen 0.13/turn               m - ring of poison resistance
MPRegen 0.08/turn               (no ring)

@: no status effects
A: horns 2, retaliatory headbutt
a: Evoke Invisibility


You were on level 1 of the Dungeon.
You visited 1 branch of the dungeon, and saw 2 of its levels.

You collected 47 gold pieces.

Inventory:

Hand Weapons
 a - a +1 shortbow
 b - a +0 short sword (weapon)
Missiles
 d - 31 arrows
Armour
 c - a +0 leather armour
 h - a +0 ring mail (worn)
 i - a scarf of invisibility (worn)
Jewellery
 m - a ring of poison resistance (left hand)
Scrolls
 l - 2 scrolls of vulnerability {unknown}
 n - a scroll of teleportation {unknown}
Potions
 e - a potion of curing {unknown}
 f - a potion of ambrosia {unknown}
 g - a potion of attraction {unknown}
 j - a potion of haste {unknown}
 k - a potion of flight {unknown}


   Skills:
 + Level 3.7 Fighting
 + Level 5.0 Bows
 + Level 2.5 Armour
 + Level 3.3 Dodging
 - Level 0.7 Stealth


You had 3 spell levels left.
You didn't know any spells.
Your spell library was empty.

Dungeon Overview and Level Annotations

Branches:
Dungeon (2/15)

Altars:

Annotations:
D:1 Natasha


Innate Abilities, Weirdness & Mutations

You have a pair of horns on your head.
You reflexively headbutt those who attack you in melee.


Message History

The crimson imp picks up a beetle and eats it.
Natasha closely misses you. You furiously retaliate!
You headbutt Natasha.
You kill Natasha!
Natasha screams in pain as she dies!
The crimson imp disappears in a puff of smoke!
Your Bows skill increases to level 5!
You see here the felid corpse of Natasha.
d - 31 arrows (gained 1)
You start resting.
Natasha, Servant of Life and Death comes into view.
A gnoll comes into view. It is wielding a +0 whip.
Natasha casts a spell at you. The magic dart hits you.
* * * LOW HITPOINT WARNING * * *
The gnoll throws a throwing net.
The throwing net completely misses you.
You see here a throwing net.
Natasha wildly gestures.
Natasha shimmers violently.
Natasha stares at you and mumbles some strange words.
You feel yourself slow down.
Natasha casts a spell.
The shadow imp barely misses you. Natasha barely misses you.
The shadow imp barely misses you.
Natasha mumbles some strange words.
You feel troubled. Natasha claws you but does no damage.
There is a stone staircase leading up here.
The shadow imp hits you.
* * * LOW HITPOINT WARNING * * *
Natasha howls an incantation.
You feel disoriented. Natasha misses you. The shadow imp barely misses you.
The gnoll misses you.
You climb upwards.
The shadow imp disappears in a puff of smoke!
You feel yourself speed up.
There is a stone staircase leading down here.
Natasha wildly gestures.
Natasha shimmers violently.
Natasha claws you!
You die...

##.#.#.#.#.#.#.#.#.............
#..................############
##.#.#.#.#.#.#.#.#.#
#..................#
##.#.#.#[#.#.#.#.#.#
#..................#
####.#.#.#.#.#)#.#.#.#
#..............(.....#
####.#.#.#.#.#.#@#.#.#
#...........gh.....#
##.#.#.#.#.#.#.#.#.#
###############...# #####


You could see Natasha and a gnoll.

Vanquished Creatures
  Natasha (twice) (D:2)
  3 gnolls (D:2)
  A dart slug (D:2)
  8 bats
  5 endoplasms
  A giant cockroach (D:2)
  9 goblins
  A quokka (D:2)
  6 ball pythons
  2 frilled lizards (D:1)
  4 kobolds
  3 rats (D:1)
45 creatures vanquished.

Notes
Turn   | Place    | Note
-------+----------+-------------------------------------------
     0 | D:1      | Kaiern the Minotaur Hunter began the quest for the Orb.
     0 | D:1      | Reached XP level 1. HP: 18/18 MP: 0/0
   320 | D:1      | Reached XP level 2. HP: 25/25 MP: 1/1
   360 | D:1      | Reached skill level 1 in Armour
  1013 | D:1      | Reached XP level 3. HP: 31/31 MP: 2/2
  1347 | D:2      | Noticed Natasha
  1367 | D:2      | Killed Natasha
  1683 | D:2      | Noticed Natasha
  1693 | D:2      | Reached XP level 4. HP: 27/38 MP: 3/3
  2075 | D:2      | Killed Natasha
  2076 | D:2      | Reached skill level 5 in Bows
  2102 | D:2      | Noticed Natasha
  2126 | D:1      | Slain by Natasha

Illustrated notes

Levels and vault maps discovered:
D:1:      dpeg_arrival_water_fire, layout_basic, grunt_decor_fettered,
          chequers_serial_rivers_micro_e, fountainhead, kennysheep_minor_cross,
          st_stairs_11, minmay_indecisive_spiral
D:2:      minmay_evil_eye, layout_basic, uniq_natasha

Skill      XL: |  1  2  3  4 |
---------------+-------------+-----
Armour         | 1 2 |  2.5
Fighting       | 3 |  3.7
Dodging        | 3 |  3.3
Bows           | 5 |  5.0
Stealth        | |  0.7

Action                   |  1- 3 |  4- 6 || total
-------------------------+-------+-------++-------
Melee: Short sword       |    46 |    21 ||    67
       Headbutt          |     5 |       ||     5
       Punch             |     1 |       ||     1
 Fire: Shortbow          |    59 |    14 ||    73
Armor: Leather armour    |    12 |       ||    12
       Ring mail         |    17 |     9 ||    26
Dodge: Dodged            |    41 |    24 ||    65
